 Dungeon Crawl Stone Soup version 0.30-a0-743-gbfdf073431 (webtiles) character file.

Game seed: 8133524683637283894

1028 Ge0ff the Shooter (level 8, -1/61 HPs)
             Began as a Hill Orc Hexslinger on Feb 5, 2023.
             Engulfed by a cloud of flame (9 damage)
             ... on level 4 of the Dungeon.
             The game lasted 00:08:12 (3104 turns).

Ge0ff the Shooter (Hill Orc Hexslinger)             Turns: 3104, Time: 00:08:13

Health: -1/61      AC: 11    Str: 18    XL:     8   Next: 23%
Magic:  8/11       EV: 12    Int: 20    God:
Gold:   183        SH:  0    Dex: 12    Spells: 7/11 levels left

rFire   + . .      SeeInvis .    a - +2 sling
rCold   . . .      Faith    .    (no shield)
rNeg    . . .      Spirit   .    F - +2 robe {Will+}
rPois   .          Reflect  .    S - +1 helmet
rElec   .          Harm     .    N - +2 cloak of Leaves {Int+3}
rCorr   .          Rampage  .    T - +0 pair of gloves
Will    +....      Clarity  +    L - +0 pair of boots
Stlth   ++                       Z - amulet of regeneration
HPRegen 1.10/turn                O - ring of flight
MPRegen 0.12/turn                K - +6 ring of strength {=R}

@: flying
A: clarity, clever 1, fire resistance 1, wild magic 1
a: no special abilities


You were on level 4 of the Dungeon.
You visited 1 branch of the dungeon, and saw 4 of its levels.

You collected 183 gold pieces.

Inventory:

Hand Weapons
 a - a +2 sling (weapon)
 b - a +0 dagger of electrocution
 h - a +0 heavy spear
 J - a +0 falchion of distortion
 W - a +1 whip of flaming
Missiles
 R - 2 boomerangs
Armour
 E - a +2 scale mail of cold resistance
 F - a +2 robe of willpower (worn)
 I - an orb of guile
 L - a +0 pair of boots (worn)
 N - the +2 cloak of Leaves (worn) {Int+3}
   (You found it on level 3 of the Dungeon)

   Int:       It affects your intelligence (+3).
 S - a +1 helmet (worn)
 T - a +0 pair of gloves (worn)
Jewellery
 K - a +6 ring of strength (right hand) {=R}
 O - a ring of flight (left hand)
 U - an amulet of the acrobat
 Z - an amulet of regeneration (around neck)
Wands
 e - a wand of charming (5)
Scrolls
 V - a scroll of vulnerability
Potions
 G - 2 potions of lignification {unknown}
 H - a potion of haste {!q}
 M - 2 potions of curing {unknown}
 P - 2 potions of attraction {unknown}
 Q - a potion of cancellation {unknown}
 X - a potion of flight
 Y - a potion of degeneration {unknown}


   Skills:
 - Level 2.0 Fighting
 + Level 6.4 Ranged Weapons
 - Level 1.5 Dodging
 - Level 2.0 Stealth
 - Level 2.0 Spellcasting
 - Level 3.0 Hexes
 * Level 4.1 Fire Magic
 - Level 3.0 Evocations


You had 7 spell levels left.
You knew the following spells:

 Your Spells              Type           Power      Damage    Failure   Level
j - Inner Flame           Hex/Fire       21%        N/A       16%         3
k - Slow                  Hex            72%        N/A       8%          1

Your spell library contained the following spells:

 Spells                   Type           Power      Damage    Failure   Level
 Ensorcelled Hibernation  Hex/Ice        20%        N/A       19%         2
 Summon Small Mammal      Summ           8%         N/A       22%         1
 Passwall                 Tmut/Erth      1%         N/A       32%         2
 Portal Projectile        Hex/Tloc       20%        N/A       34%         3
 Summon Guardian Golem    Hex/Summ       10%        N/A       34%         3
 Cause Fear               Hex            9%         N/A       50%         4
 Call Canine Familiar     Summ           2%         N/A       52%         3
 Swiftness                Air            2%         N/A       52%         3


Dungeon Overview and Level Annotations

Branches:
Dungeon (4/15) Zot: 20849
 Temple: D:4-7

Altars:
Ashenzari
Kikubaaqudgha


Innate Abilities, Weirdness & Mutations

You possess an exceptional clarity of mind.
Your mind is acute. (Int +4, Str/Dex -1)
Your flesh is heat resistant. (rF+)
Your spells are a little harder to cast, but a little more powerful.


Message History

You shoot a sling bullet. The sling bullet hits the black bear.
The black bear is heavily wounded.
The black bear completely misses you. The black bear closely misses you.
The black bear claws you but does no damage.
You shoot a sling bullet.
The sling bullet completely misses the black bear.
The black bear bites you but does no damage.
The black bear claws you but does no damage.
The black bear claws you.
You shoot a sling bullet. The sling bullet hits the black bear.
The black bear is severely wounded.
An iguana comes into view.
The black bear goes berserk!
You shoot a sling bullet. The sling bullet hits the black bear.
The black bear is almost dead.
The black bear bites you.
The black bear claws you but does no damage.
The black bear claws you. The black bear bites you!
The black bear barely misses you. The black bear closely misses you.
You shoot a sling bullet.
The sling bullet hits the black bear but does no damage.
The black bear is almost dead.
The black bear barely misses you. x2; The black bear misses you.
The black bear bites you. The black bear barely misses you.
The black bear claws you but does no damage.
You shoot a sling bullet. The sling bullet hits the black bear.
The black bear is almost dead.
The black bear bites you! The black bear closely misses you. x2
You are too injured to fight recklessly!
Casting: Inner Flame (dangerous; 16% risk of failure)
Confirm with . or Enter, or press ? or * to list all spells.
Aiming: Inner Flame (dangerous; 16% risk of failure)
Press: ? - help, Dir - move target, f/p - black bear
Aim: a black bear (almost dead, berserk, chance to affect: 76%)
The black bear is filled with an inner flame.
The black bear bites you!
The black bear claws you but does no damage. x2
The black bear misses you.
The black bear claws you but does no damage. x2
Fire: a) +2 sling
Press: ? - help, Q - select action, (/) - cycle Shift-Dir - straight line, f/p - black bear
Aim: a black bear (almost dead, berserk, inner flame, 69% to hit)
You shoot a sling bullet. The sling bullet hits the black bear.
The black bear explodes!
The fiery explosion engulfs you! You resist.
* * * LOW HITPOINT WARNING * * *
The fiery explosion engulfs the iguana!!!
You kill the iguana!
You are engulfed in blazing flames.
You resist.
You die...

...............###
##.####.######.. .
##...........#
#.....######
##...##
########.##
#...#.)..#
#.#...#..#
#§@###).'# ##)#
#....# ## .†§
#.....# #.
###..)#.....# ##.
..........# #..
..........'.....
.......... ###..
...#.. #.) #.#


There were no monsters in sight!

Vanquished Creatures
  Pikel (D:4)
  Sigmund (D:2)
  Menkaure (D:4)
  A black bear (D:4)
  Blork the orc (D:4)
  2 hounds (D:4)
  A jelly (D:4)
  An iguana (D:4)
  Jessica (D:3)
  An orc wizard (D:3)
  3 gnolls (D:4)
  2 adders (D:3)
  3 worms
  5 orcs
  5 ball pythons
  2 bats (D:1)
  4 endoplasms
  A giant cockroach (D:2)
  3 hobgoblins
  3 jackals (D:1)
  2 quokkas
  2 frilled lizards
  9 goblins
  11 kobolds
  2 rats
68 creatures vanquished.

Vanquished Creatures (others)
  A plant (D:1)
1 creature vanquished.

Grand Total: 69 creatures vanquished

Notes
Turn   | Place    | Note
-------+----------+-------------------------------------------
     0 | D:1      | Ge0ff the Hill Orc Hexslinger began the quest for the Orb.
     0 | D:1      | Reached XP level 1. HP: 16/16 MP: 2/2
   113 | D:1      | Reached skill level 2 in Ranged Weapons
   131 | D:1      | Reached XP level 2. HP: 23/23 MP: 3/3
   138 | D:1      | Reached skill level 1 in Stealth
   740 | D:2      | Reached XP level 3. HP: 28/28 MP: 4/4
   891 | D:2      | Noticed Sigmund
   895 | D:2      | Gained mutation: You do not regenerate when monsters are
                  | visible. [potion of mutation]
   895 | D:2      | Gained mutation: You have a pair of small antennae on your
                  | head. [potion of mutation]
   922 | D:2      | HP: 1/28 [something/puff of flame (6)]
  1721 | D:3      | Lost mutation: You do not regenerate when monsters are
                  | visible. [potion of mutation]
  1721 | D:3      | Lost mutation: You have a pair of small antennae on your
                  | head. [potion of mutation]
  1721 | D:3      | Gained mutation: Your spells are a little harder to cast,
                  | but a little more powerful. [potion of mutation]
  1721 | D:3      | Gained mutation: Your flesh is heat resistant. (rF+)
                  | [potion of mutation]
  1721 | D:3      | Gained mutation: You possess an exceptional clarity of
                  | mind. [potion of mutation]
  1721 | D:3      | Gained mutation: Your mind is acute. (Int +4, Str/Dex -1)
                  | [potion of mutation]
  1841 | D:3      | Reached skill level 3 in Ranged Weapons
  1841 | D:3      | Reached XP level 4. HP: 31/35 MP: 5/5
  1959 | D:3      | Found an ancient bone altar of Kikubaaqudgha.
  2000 | D:3      | Noticed Jessica
  2002 | D:3      | Killed Jessica
  2266 | D:3      | Reached XP level 5. HP: 40/40 MP: 6/6
  2277 | D:3      | Identified the +2 cloak of Leaves {Int+3}
  2359 | D:4      | Noticed Pikel
  2359 | D:4      | Noticed a lemure
  2359 | D:4      | Noticed a lemure
  2360 | D:4      | Noticed a lemure
  2364 | D:4      | Noticed a lemure
  2368 | D:4      | Killed Pikel
  2369 | D:4      | Reached skill level 5 in Ranged Weapons
  2369 | D:4      | Reached XP level 6. HP: 48/48 MP: 7/7
  2369 | D:4      | Reached XP level 7. HP: 55/55 MP: 8/8
  2509 | D:4      | Found a broken altar of Ashenzari.
  2516 | D:4      | Noticed Blork the orc
  2544 | D:3      | Learned a level 3 spell: Inner Flame
  2578 | D:4      | Noticed Menkaure
  2583 | D:4      | Killed Menkaure
  2584 | D:4      | Reached skill level 6 in Ranged Weapons
  2584 | D:4      | Reached skill level 1 in Fire Magic
  2755 | D:2      | Killed Sigmund
  2903 | D:4      | Killed Blork the orc
  2904 | D:4      | Reached XP level 8. HP: 61/61 MP: 4/11
  3104 | D:4      | Engulfed by a cloud of flame

Illustrated notes

Levels and vault maps discovered:
D:1:      denvon_arrival_planthouse, layout_basic
D:2:      layout_basic, uniq_sigmund
D:3:      layout_loops_ring, kiku_gazebo_pond_becter, uniq_jessica
D:4:      layout_loops_corners, old_standard_altar,
          nicolae_dithmenos_shadow_blocks, mainiacjoe_overflow_alcove_1,
          minmay_fractal_squares_diagonal_5, uniq_pikel, uniq_blork_the_orc,
          uniq_menkaure

Skill      XL: |  1  2  3  4  5  6  7  8 |
---------------+-------------------------+-----
Ranged Weapons | 2 3 5 6 |  6.4
Stealth        | 1 2 |  2.0
Fighting       | 2 |  2.0
Evocations     | 3 |  3.0
Fire Magic     | 3 4 |  4.1
Spellcasting   | 2 |  2.0
Dodging        | |  1.5
Hexes          | |  3.0

Action                     |  1- 3 |  4- 6 |  7- 9 || total
---------------------------+-------+-------+-------++-------
   Fire: Sling             |   157 |    36 |   105 ||   298
   Cast: Inner Flame       |       |       |     9 ||     9
    Use: Scroll            |     7 |     3 |       ||    10
         Potion            |     6 |       |       ||     6
 Armour: Robe              |    20 |     2 |    30 ||    52
  Dodge: Dodged            |    45 |     8 |    45 ||    98

Table legend: (Time is in decaauts)
 A = Elapsed time spent in this place.
 B = Non-inter-level travel time spent in this place.
 C = Inter-level travel time spent in this place.
 D = Time resting spent in this place.
 E = Time spent auto-exploring this place.
 F = Levels seen in this place.
 G = Mean time per level.
                   A        B        C        D        E       F      G
               +--------+--------+--------+--------+--------+-----+--------+
         Total |   3150 |   3070 |     80 |    179 |   2040 |   4 |  787.5 |
       Dungeon |   3150 |   3070 |     80 |    179 |   2040 |   4 |  787.5 |
               +--------+--------+--------+--------+--------+-----+--------+

Top non-repeatable levels by time:
     D:2: 1112 daAuts
     D:3: 847 daAuts
     D:1: 660 daAuts
     D:4: 529 daAuts
